 Dungeon Crawl Stone Soup version 0.30.1 (webtiles) character file.

Game seed: 1576166891820299934

14112 Pepete the Protected (level 12, -1/70 HPs)
             Began as a Djinni Fire Elementalist on July 11, 2023.
             Was an Initiate of Makhleb.
             Slain by a large abomination (28 damage)
             ... on level 2 of the Abyss.
             The game lasted 00:41:08 (26865 turns).

Pepete the Protected (Djinni Fire Elementalist)    Turns: 26865, Time: 00:41:10

Health: -1/70      AC: 18    Str:  2    XL:     12   Next: 41%
Gold:   702        EV:  8    Int: 31    God:    Makhleb [......] SH:  0 Dex: 18

rFire   + + +        (no weapon)
rCold   + . .        (no shield)
rNeg    . . .        z - +5 ring mail "Ruatilie" {rElec rC+ Str-5 Int+7}
rPois   ∞            e - +1 helmet
rElec   +            c - +1 cloak {rCorr}
rCorr   +            (no gloves)
SInv    .            (boots unavailable)
Will    +....        (no amulet)
Stlth   +            b - ring of Plog {rF+ rC+ Will- Int+3 Dex+3}
HPRegen 0.31/turn    r - ring of willpower
MPRegen 0.00/turn

%: infuse magic (-2 HP)
@: flying
A: sickness immunity, fire resistance 2, cold vulnerability 1, float, innate
caster, HP casting, extra vitality 1
a: Renounce Religion


You were on level 2 of the Abyss.
You worshipped Makhleb.
Makhleb was noncommittal.
You visited 2 branches of the dungeon, and saw 11 of its levels.
You visited the Abyss 1 time.

You collected 702 gold pieces.

Inventory:

Missiles
 g - 41 poisoned darts
 n - 2 throwing nets
Armour
 c - a +1 cloak of preservation (worn)
 e - a +1 helmet (worn)
 j - a +2 robe of the Archmagi
 z - the +5 ring mail "Ruatilie" (worn) {rElec rC+ Str-5 Int+7}
   (You found it on level 6 of the Dungeon)

   Str:       It affects your strength (-5).
   Int:       It affects your intelligence (+7).
   rC:        It protects you from cold.
   rElec:     It insulates you from electricity.
 A - a +0 crystal plate armour
 B - the +1 leather armour of Avic {+Blink Int+3}
   (You found it on level 6 of the Dungeon)

   Int:       It affects your intelligence (+3).
   +Blink:    It lets you blink.
Jewellery
 b - the ring of Plog (left hand) {rF+ rC+ Will- Int+3 Dex+3}
   (You acquired it on level 4 of the Dungeon)

   [ring of protection from fire]

   Int:       It affects your intelligence (+3).
   Dex:       It affects your dexterity (+3).
   rF:        It protects you from fire.
   rC:        It protects you from cold.
   Will:      It decreases your willpower.
 r - a ring of willpower (right hand)
 s - an amulet of the acrobat
 v - a +4 ring of slaying
 w - a ring of resist corrosion
 C - a +4 ring of protection
Wands
 h - a wand of roots (7)
 k - a wand of flame (43)
 u - a wand of digging (8)
 y - a wand of charming (19)
Scrolls
 d - a scroll of enchant weapon
 f - a scroll of teleportation
 i - a scroll of poison
 t - a scroll of identify
Potions
 a - a potion of brilliance {unknown}
 l - 4 potions of heal wounds {unknown}
 m - 2 potions of ambrosia {unknown}
 p - 2 potions of might


   Skills:
 * Level 14.5 Armour
 - Level 2.1 Dodging
 - Level 1.5 Stealth
 + Level 10.1 Spellcasting


You knew the following spells:

 Your Spells              Type           Power      Damage    Failure   Level
a - Foxfire               Conj/Fire      100%       2x1d9     1%          1
b - Scorch                Fire           100%       2d9       1%          2
c - Volatile Blastmotes   Fire/Tloc      100%       2d18      1%          3
d - Inner Flame           Hex/Fire       68%        N/A       1%          3
e - Flame Wave            Conj/Fire      68%        2d15      2%          4
f - Summon Small Mammal   Summ           100%       N/A       1%          1
g - Passwall              Tmut/Erth      56%        N/A       1%          2
h - Ignite Poison         Fire/Tmut/Pois 68%        N/A       1%          3
i - Summon Ice Beast      Ice/Summ       68%        N/A       2%          4
j - Fulminant Prism       Conj/Hex       34%        3d16      2%          4
Your spell library was empty.

Dungeon Overview and Level Annotations

Branches:
Dungeon (10/15)            Temple (1/1) D:4
   Lair: D:8-11         Orc: D:9-12

Altars:
Ashenzari
Cheibriados
Dithmenos
Elyvilon
Fedhas
Gozag
Hepliaklqana
Makhleb
Nemelex Xobeh
Okawaru
Qazlal
Ru
Trog
Uskayaw
Wu Jian
Xom
Yredelemnul
Zin
The Shining One

Shops:
D:2 =

Annotations:
D:9 exclusion: orange crystal statue
D:10 Erolcha, Nergalle


Innate Abilities, Weirdness & Mutations

You are immune to sickness and miasma.
You are immune to poison.
Your flesh is very heat resistant. (rF++)
You are vulnerable to cold. (rC-)
You float through the air rather than walking.
You learn spells naturally, not from books.
Your magical power is your life essence.
You have superior vitality. (+4 MHP)


Message History

Flames lash the large abomination but do no damage.
Your ice beast barely misses the large abomination.
Unknown command.
Casting: Scorch (safe; 1% risk of failure)
Confirm with . or Enter, or press ? or * to list all spells.
Flames lash the large abomination.
The large abomination is burned terribly!
The large abomination is severely damaged.
The large abomination barely misses your ice beast.
Your ice beast hits the large abomination but does no damage.
Casting: Scorch (safe; 1% risk of failure)
Confirm with . or Enter, or press ? or * to list all spells.
Flames lash the large abomination.
The large abomination is burned terribly!
The large abomination is severely damaged.
The large abomination hits your ice beast!!
Your ice beast dies!
Your ice beast disappears in a puff of smoke!
Casting: Scorch (safe; 1% risk of failure)
Confirm with . or Enter, or press ? or * to list all spells.
Flames lash the large abomination.
The large abomination is severely damaged.
Unknown command.
Casting: Scorch (safe; 1% risk of failure)
Confirm with . or Enter, or press ? or * to list all spells.
Flames lash the large abomination.
The large abomination is almost destroyed.
Unknown command.
Casting: Scorch (safe; 1% risk of failure)
Confirm with . or Enter, or press ? or * to list all spells.
Flames lash the large abomination but do no damage.
The large abomination hits you but does no damage.
Unknown command.
Casting: Scorch (safe; 1% risk of failure)
Confirm with . or Enter, or press ? or * to list all spells.
Flames lash the large abomination.
The large abomination is burned terribly!
The large abomination is almost destroyed.
The large abomination hits you!!
You die...

## .. . ..
. # # . # #
.#. ###
.#.#..
#..##.#.#
.#.. #..#.#
##....
#..@##..#.#
#.#X#.# ..
#§#....
...#.#
####..#
#.#.#.##
#.. #. #
####. ####
.# .#.#


You could see a large abomination (combustible).

Vanquished Creatures
  Erica (D:8)
  A two-headed ogre (D:9)
  A centaur warrior (D:8)
  Pikel (D:6)
  A manticore (D:9)
  A cyclops (D:9)
  A meliai (D:9)
  A troll (D:9)
  A hornet (D:9)
  A raiju (Abyss:2)
  2 shadows (D:9)
  Sigmund (D:4)
  A wraith (D:9)
  A vampire (D:10)
  9 yaks
  A steam dragon (D:8)
  A water moccasin (D:9)
  An ice beast (D:6)
  A black bear (D:5)
  A sky beast (D:7)
  5 orc warriors
  6 centaurs
  3 phantoms
  5 kobold brigands
  4 bullfrogs
  2 scorpions (D:6)
  8 wights
  4 killer bees
  An electric eel (D:6)
  3 howler monkeys (D:9)
  4 orc priests
  Crazy Yiuf (D:5)
  3 hounds
  3 jellies
  3 gnoll boudas
  Ijyb (D:4)
  3 iguanas
  9 orc wizards
  2 sleepcaps
  3 gnolls (D:5)
  8 adders
  A shadow imp (D:7)
  2 white imps
  2 ufetubi
  A worm (D:5)
  A dart slug (D:4)
  43 orcs
  6 endoplasms
  5 giant cockroaches
  2 hobgoblins
  4 jackals
  5 quokkas
  5 ball pythons
  4 bats
  3 frilled lizards
  6 goblins
  25 kobolds
  7 rats
232 creatures vanquished.

Vanquished Creatures (collateral kills)
  2 two-headed ogres (D:8)
  A centaur warrior (D:9)
  Amaemon (D:9)
  2 manticores (D:9)
  An orange demon (D:9)
  An efreet (D:9)
  A troll (D:9)
  A steam dragon (D:9)
  An acid dragon (D:8)
  A nameless horror (D:8)
  A centaur (D:9)
  A kobold brigand (D:9)
  3 killer bees (D:9)
  A lava snake (D:8)
  An orc (D:10)
  6 foxfires (D:1)
25 creatures vanquished.

Vanquished Creatures (others)
  A killer bee (D:9)
  904 foxfires
  8 fulminant prisms
913 creatures vanquished.

Grand Total: 1170 creatures vanquished

Notes
Turn   | Place    | Note
-------+----------+-------------------------------------------
     0 | D:1      | Pepete the Djinni Fire Elementalist began the quest for the
                  | Orb.
     0 | D:1      | Pepete set off with the following spells memorised:
                  | Foxfire, Scorch, Volatile Blastmotes, Inner Flame, Flame
                  | Wave.
     0 | D:1      | Reached XP level 1. HP: 15/15 MP: 0/0
   210 | D:1      | Found a faded altar of an unknown god.
   234 | D:1      | Reached skill level 1 in Armour
   234 | D:1      | Reached XP level 2. HP: 17/21 MP: 0/0
   719 | D:1      | Reached XP level 3. HP: 23/25 MP: 0/0
   719 | D:1      | Learned a level 1 spell: Summon Small Mammal
  1477 | D:2      | Reached skill level 2 in Armour
  1709 | D:2      | Found Amilad's Jewellery Emporium.
  2077 | D:3      | Reached XP level 4. HP: 29/31 MP: 0/0
  2333 | D:3      | Found a shimmering altar of Xom.
  3076 | D:4      | Reached skill level 3 in Armour
  3076 | D:4      | Reached XP level 5. HP: 18/35 MP: 0/0
  3076 | D:4      | Learned a level 2 spell: Passwall
  3626 | D:4      | Found a staircase to the Ecumenical Temple.
  3686 | D:4      | Found a basalt altar of Yredelemnul.
  3961 | D:4      | Found a faded altar of an unknown god.
  3962 | D:4      | Found a hazy altar of Hepliaklqana.
  3962 | D:4      | Noticed Sigmund
  3966 | D:4      | Killed Sigmund
  3967 | D:4      | Reached skill level 4 in Armour
  3967 | D:4      | Reached XP level 6. HP: 35/40 MP: 0/0
  3979 | D:4      | Identified a scroll of acquirement
  3992 | D:4      | Acquired the ring of Plog {rF+ rC+ Will- Int+3 Dex+3}
  4051 | D:4      | Noticed Ijyb
  4695 | D:4      | Killed Ijyb
  4929 | D:4      | Reached XP level 7. HP: 36/45 MP: 0/0
  4929 | D:4      | Learned a level 3 spell: Ignite Poison
  5018 | D:5      | Entered Level 5 of the Dungeon
  5227 | D:5      | Reached skill level 5 in Armour
  5600 | D:5      | Reached skill level 5 in Spellcasting
  5603 | D:5      | Reached XP level 8. HP: 35/50 MP: 0/0
  6264 | D:5      | Found a runed translucent door.
  6265 | D:5      | Noticed Crazy Yiuf
  6593 | D:5      | Reached skill level 6 in Armour
  6915 | D:5      | Found a hide-covered altar of Uskayaw.
  7150 | D:5      | Killed Crazy Yiuf
  7410 | D:6      | Reached skill level 7 in Armour
  7538 | D:6      | Reached XP level 9. HP: 44/55 MP: 0/0
  7538 | D:6      | Learned a level 4 spell: Summon Ice Beast
  8136 | D:6      | Reached skill level 8 in Armour
  8440 | D:6      | Identified the +5 ring mail "Ruatilie" {rElec rC+ Str-5
                  | Int+7}
  8487 | D:6      | Identified the +1 leather armour of Avic {+Blink Int+3}
  8536 | D:6      | Noticed Pikel
  8557 | D:6      | Killed Pikel
  8823 | D:6      | Found a glowing golden altar of the Shining One.
  9155 | D:7      | Reached skill level 9 in Armour
  9788 | D:7      | Reached XP level 10. HP: 53/60 MP: 0/0
 10697 | D:8      | Found a blossoming altar of Fedhas.
 10697 | D:8      | Found an iron altar of Okawaru.
 11045 | D:8      | Noticed a two-headed ogre
 11774 | D:8      | Noticed Erica
 11783 | D:8      | Killed Erica
 11784 | D:8      | Reached skill level 10 in Armour
 12230 | D:8      | Killed a two-headed ogre
 12493 | D:8      | Reached skill level 11 in Armour
 12636 | D:9      | Reached XP level 11. HP: 39/65 MP: 0/0
 12636 | D:9      | Learned a level 4 spell: Fulminant Prism
 12641 | D:9      | Noticed a two-headed ogre
 13468 | D:9      | Noticed a centaur warrior
 13479 | D:9      | Killed a centaur warrior
 13775 | D:9      | Reached skill level 12 in Armour
 14057 | D:9      | Killed a two-headed ogre
 14421 | D:9      | Noticed an orange crystal statue
 14434 | D:9      | Noticed a two-headed ogre
 14933 | D:9      | Noticed a two-headed ogre
 15154 | D:9      | Noticed a cyclops
 15480 | Temple   | Entered the Ecumenical Temple
 15487 | Temple   | Became a worshipper of Makhleb the Destroyer
 16035 | D:9      | Noticed a manticore
 16050 | D:8      | Killed a two-headed ogre
 16410 | D:9      | Noticed a manticore
 16417 | D:9      | Killed a manticore
 16446 | D:9      | Noticed a manticore
 16455 | D:9      | Killed a manticore
 16837 | D:9      | Identified the +7 mace of the Two Names {heavy, rF+ rN+
                  | Dex+2}
 17795 | D:8      | Reached skill level 13 in Armour
 17966 | D:9      | Noticed a centaur warrior
 18473 | D:9      | Killed a cyclops
 20016 | D:8      | Killed a centaur warrior
 20315 | D:9      | Noticed Amaemon
 20324 | D:9      | Killed Amaemon
 20325 | D:9      | Reached XP level 12. HP: 53/70 MP: 0/0
 20731 | D:9      | Reached skill level 14 in Armour
 23697 | D:9      | Identified the +0 falchion of Sitz {spect, rN+}
 23697 | D:9      | Identified the +0 leather armour of Indemnity {Int+4}
 23846 | D:9      | Identified the +4 ring mail of Patterns {*Corrode Will++
                  | Regen+}
 23851 | D:9      | Reached skill level 10 in Spellcasting
 23909 | D:9      | Found a glowing silver altar of Zin.
 26277 | D:10     | Entered Level 10 of the Dungeon
 26461 | D:10     | Noticed Nergalle
 26794 | D:10     | Noticed Erolcha
 26795 | Abyss:2  | Cast into level 2 of the Abyss (Erolcha)
 26865 | Abyss:2  | Slain by a large abomination

Illustrated notes

Levels and vault maps discovered:
D:1:      dpeg_arrival_solitude, layout_basic, serial_bayou,
          serial_bayou_lagoon_b, serial_bayou_shore_b, serial_bayou_pond_d,
          serial_bayou_shore_a, chequers_ecumenical_altar_grove
D:2:      layout_loops_corners, serial_shops, shop, minmay_hexomino_p4
D:3:      layout_loops_ring, old_standard_altar, nrook_campfire
D:4:      layout_gridville, yredelemnul_altar_generic,
          beargit_hepliaklqana_dungeon_heroes, minmay_temple_entry_fiery,
          amcnicky_mini_corridor_feature, minmay_crystal_room,
          grunt_ministairs_13, uniq_ijyb
D:5:      layout_rooms, mainiacjoe_overflow_big_doors,
          kennysheep_generic_room_4, uniq_crazy_yiuf_cottage
D:6:      wad_river_or_something, layout_basic, tso_oasis_becter, serial_glass,
          glass_columns_a, glass_columns_a, uniq_pikel
D:7:      layout_cave_pools
D:8:      layout_basic, nicolae_overflow_two_pavilions, grunt_tough_drop,
          uniq_erica
D:9:      minmay_the_grid_octo_tiled_octocenter
          [minmay_the_grid_octo_vomiting_pacman, minmay_the_grid_octo_teeth,
          minmay_the_grid_octo_fan_narrow, minmay_the_grid_octo_fat_diamond,
          minmay_the_grid_octo_prize_star, minmay_the_grid_square_5x5_seven,
          minmay_the_grid_square_5x5_minivault,
          minmay_the_grid_square_5x5_inset,
          minmay_the_grid_square_5x5_two_small], layout_rooms,
          mainiacjoe_overflow_paths, minivault_16, minmay_hedge_maze,
          minmay_misc_feat_nine_boxes, uniq_amaemon
D:10:     layout_cross, minmay_protected_statue, uniq_nergalle, uniq_erolcha
Temple:   compressed_dpeg_triangle_lava_temple
Abyss:2:  base: D:7, minivault_13

Skill      XL: |  1  2  3  4  5  6  7  8  9 10 11 12 |
---------------+-------------------------------------+-----
Armour         | 1 2 3 4 5 7 9 11 13 14 | 14.5
Spellcasting   | 3 4 5 6 7 8 9 10 | 10.1
Dodging        | |  2.1
Stealth        | |  1.5

Action                     |  1- 3 |  4- 6 |  7- 9 | 10-12 || total
---------------------------+-------+-------+-------+-------++-------
  Melee: Unarmed           |     2 |       |       |     4 ||     6
   Cast: Foxfire           |    96 |    94 |   173 |   215 ||   578
         Scorch            |     8 |    22 |    76 |   135 ||   241
         Summon Small Mamm |     1 |     6 |       |       ||     7
         Volatile Blastmot |       |       |     5 |     7 ||    12
         Summon Ice Beast  |       |       |     3 |    58 ||    61
         Fulminant Prism   |       |       |       |     9 ||     9
    Use: Scroll            |     1 |    14 |     6 |     7 ||    28
         Potion            |       |       |     3 |     6 ||     9
 Armour: Robe              |     1 |     2 |     7 |       ||    10
         Skin              |       |     1 |       |       ||     1
         Ring mail         |       |       |     3 |    61 ||    64
  Dodge: Dodged            |     7 |    11 |    13 |    54 ||    85
